 Dungeon Crawl Stone Soup version 0.27-a0-965-gbf8bb431c4 (webtiles) character file.

Game seed: 4600464104546691700

18062 toffzen the Basher (level 12, -3/165 HPs)
             Began as a Yellow Draconian Berserker on Apr 13, 2021.
             Was a High Priest of Trog.
             Succumbed to a black mamba's poison
             ... on level 2 of the Lair of Beasts.
             The game lasted 00:28:29 (17435 turns).

toffzen the Basher (Yellow Draconian Berserker)    Turns: 17435, Time: 00:28:30

Health: -3/165     AC: 10    Str: 26    XL:     12   Next: 24%
Magic:  12/12      EV: 16    Int:  9    God:    Trog [*****.]
Gold:   688        SH:  0    Dex: 14    Spells: 11/11 levels left

rFire    x . .     SeeInvis .   a - +0 morningstar (venom)
rCold    + . .     Faith    .   (no shield)
rNeg     + . .     Spirit   .   (armour unavailable)
rPois    .         Reflect  .   (helmet restricted)
rElec    +         Harm     .   (no cloak)
rCorr    +         Rampage  .   (no gloves)
Will     .....                  l - +1 pair of boots
Stlth    ..........             F - amulet of the acrobat
HPRegen  0.37/turn              E - ring of Unaob {Ice rElec rN+ rCorr}
MPRegen  0.13/turn              k - +6 ring of strength

@: berserking, lethally poisoned (-3 -> -50), very quick
A: spit acid, AC +8, unfitting armour, cold-blooded, acid resistance
a: Breathe Acid, Renounce Religion, Berserk, Trog's Hand, Brothers in Arms


You were on level 2 of the Lair of Beasts.
You worshipped Trog.
Trog was extremely pleased with you.
You visited 2 branches of the dungeon, and saw 12 of its levels.

You collected 688 gold pieces.

Inventory:

Hand Weapons
 a - a +0 morningstar of venom (weapon)
 M - a +0 morningstar
 N - a +0 flail
 T - a +3 great mace of flaming
Missiles
 n - 2 curare-tipped darts
 p - 271 stones
 q - 2 atropa-tipped darts
 w - a throwing net
 y - 5 boomerangs of dispersal
 C - 70 poisoned darts
Armour
 l - a +1 pair of boots (worn)
Jewellery
 k - a +6 ring of strength (right hand)
 E - the ring of Unaob (left hand) {Ice rElec rN+ rCorr}
   (You found it on level 6 of the Dungeon)

   [ring of ice]

   It enhances your ice magic.
   It makes you vulnerable to fire.
   It protects you from cold.
   It insulates you from electricity.
   It protects you from negative energy.
   It protects you from acid and corrosion.
 F - an amulet of the acrobat (around neck)
Wands
 c - a wand of paralysis (9)
 d - a wand of mindburst (24)
 i - a wand of polymorph (11)
 x - a wand of flame (70)
 D - a wand of charming (4)
 R - a wand of acid (12)
 S - a wand of iceblast (12)
Scrolls
 e - a scroll of magic mapping {unknown}
 f - 2 scrolls of fog
 g - a scroll of noise {unknown}
 h - 2 scrolls of immolation
 r - a scroll of holy word {unknown}
 s - 3 scrolls of enchant weapon
 t - a scroll of summoning
 A - a scroll of vulnerability {unknown}
 H - 4 scrolls of fear
 J - 3 scrolls of identify
 K - 2 scrolls of enchant armour
 P - a scroll of teleportation
Potions
 b - 3 potions of lignification
 j - 5 potions of heal wounds
 m - 3 potions of mutation
 o - 6 potions of curing
 u - a potion of cancellation {unknown}
 v - a potion of resistance {unknown}
 z - 2 potions of berserk rage
 B - a potion of ambrosia {unknown}
 G - 2 potions of attraction
 I - a potion of invisibility {unknown}
 L - 2 potions of haste
 O - 2 potions of might
 Q - a potion of magic {unknown}


   Skills:
 + Level 11.5 Fighting
 * Level 14.2 Maces & Flails
 + Level 9.8 Dodging


You had 11 spell levels left.
You didn't know any spells.
Your spell library was empty.

Dungeon Overview and Level Annotations

Branches:
Dungeon (10/15)            Temple (0/1) D:6            Lair (2/6) D:8
  Snake (0/4) Lair:2          Orc (0/2) D:10
  Swamp: Lair:2-4    Shoals: Lair:2-4

Altars:
Ashenzari
Dithmenos
Fedhas
Hepliaklqana
Kikubaaqudgha
Okawaru
Sif Muna
Vehumet
Wu Jian
Xom
Yredelemnul
Zin
The Shining One

Shops:
D:1 [

Annotations:
D:4 1 runed translucent door, exclusion: water moccasin, polve's ghost, amateur DsAK
Lair:1 exclusion: oklob plant


Innate Abilities, Weirdness & Mutations

You can spit globs of acid.
Your golden yellow scales are hard. (AC +8)
You cannot fit into any form of body armour.
You are cold-blooded and may be slowed by cold attacks.
You are resistant to acid. (rCorr)


Message History

You are more poisoned.
The black mamba poisons you!
You closely miss the black mamba.
You feel extremely sick. The black mamba bites you!! The black mamba bites you.
A red film seems to cover your vision as you go berserk!
You feel yourself moving faster!
You feel mighty!
You feel extremely sick. The black mamba bites you.
* * * LOW HITPOINT WARNING * * *
The black mamba bites you!
* * * LOW HITPOINT WARNING * * *
You are lethally poisoned!
The black mamba poisons you!
You closely miss the black mamba.
Your tail-slap misses the black mamba.
* * * LOW HITPOINT WARNING * * *
You feel very sick. The black mamba bites you.
* * * LOW HITPOINT WARNING * * *
You are more poisoned.
The black mamba poisons you!
You closely miss the black mamba. You tail-slap the black mamba!
The black mamba is moderately wounded.
* * * LOW HITPOINT WARNING * * *
You feel extremely sick. The black mamba bites you.
* * * LOW HITPOINT WARNING * * *
You sock the black mamba!
The black mamba is poisoned.
You tail-slap the black mamba!
The black mamba is almost dead.
* * * LOW HITPOINT WARNING * * *
You feel extremely sick. The black mamba bites you.
* * * LOW HITPOINT WARNING * * *
You are too berserk!
Unknown command.
You sock the black mamba!
You kill the black mamba!
Trog accepts your kill.
You die...

.....................#
.##...#####..........#
.................#####
......#..#..#..P..#
.......###.#...#..#
.................##
.####[###P.......##
.#.##.#.##........#
....<...........@##
#.P.......#.###.†#
.................#
.#..P.P..#.......#
.................#
.P..#............#
.................#
..............##.#
..... ..#


There were no monsters in sight!

Vanquished Creatures
  A hydra (D:8)
  2 two-headed ogres
  Joseph (Lair:1)
  4 black mambas
  A gargoyle (D:10)
  Maggie (Lair:2)
  2 cane toads
  2 rime drakes
  2 komodo dragons (Lair:1)
  A troll (D:10)
  2 hornets (D:8)
  2 dream sheep (D:8)
  3 blink frogs (Lair:2)
  A meliai zombie (D:10)
  Sigmund (D:5)
  A spriggan (Lair:1)
  28 yaks
  2 wyverns
  A steam dragon (D:7)
  8 water moccasins
  A swamp drake (D:10)
  2 black bears
  7 orc warriors
  2 ice beasts
  A hornet zombie (D:9)
  A sky beast (D:6)
  A necrophage (D:7)
  3 wolves
  3 ogres
  2 phantoms
  A centaur (D:6)
  7 kobold brigands
  2 wyvern zombies
  2 bullfrogs
  3 scorpions
  4 wights
  5 killer bees (D:9)
  4 howler monkeys
  9 electric eels
  3 centaur zombies
  4 hounds
  8 orc priests
  3 jellies
  Natasha (twice) (D:2)
  An iguana (D:6)
  17 orc wizards
  Terence (D:3)
  2 killer bee zombies
  A hound skeleton (D:5)
  5 adders
  A white imp (D:3)
  3 dart slugs
  45 orcs
  12 ball pythons
  17 endoplasms
  8 giant cockroaches
  8 goblins
  8 hobgoblins
  20 jackals
  2 quokkas (D:1)
  6 bats
  4 frilled lizards
  2 goblin skeletons (D:3)
  4 hobgoblin zombies (D:3)
  34 kobolds
  A kobold skeleton (D:3)
  2 kobold zombies (D:3)
  10 rats
  A spectral kobold (D:10)
361 creatures vanquished.

Vanquished Creatures (collateral kills)
  A water moccasin (Lair:1)
1 creature vanquished.

Vanquished Creatures (others)
  8 fungi
  16 plants
  9 toadstools (D:3)
33 creatures vanquished.

Grand Total: 395 creatures vanquished

Notes
Turn   | Place    | Note
-------+----------+-------------------------------------------
     0 | D:1      | toffzen the Draconian Berserker began the quest for the
                  | Orb.
     0 | D:1      | Reached XP level 1. HP: 19/19 MP: 1/1
   112 | D:1      | Found Binwur's Antique Armour Emporium.
   164 | D:1      | Reached XP level 2. HP: 19/26 MP: 2/2
   565 | D:1      | Reached ** piety under Trog
   670 | D:1      | Reached XP level 3. HP: 23/31 MP: 3/3
  1042 | D:1      | Found a faded altar of an unknown god.
  1475 | D:2      | Reached skill level 4 in Maces & Flails
  1793 | D:2      | Noticed Natasha
  1802 | D:2      | Killed Natasha
  1803 | D:2      | Reached XP level 4. HP: 40/40 MP: 4/4
  1897 | D:2      | Found a shimmering blue altar of Sif Muna.
  1974 | D:2      | Noticed Natasha
  1985 | D:2      | Killed Natasha
  2367 | D:3      | Noticed Terence
  2368 | D:3      | Found a basalt altar of Yredelemnul.
  2381 | D:3      | Killed Terence
  2382 | D:3      | Reached XP level 5. HP: 46/46 MP: 5/5
  2475 | D:3      | Reached skill level 5 in Maces & Flails
  2585 | D:3      | Found an iron altar of Okawaru.
  2601 | D:3      | Reached *** piety under Trog
  2620 | D:3      | Found a glowing silver altar of Zin.
  2621 | D:3      | Found a blossoming altar of Fedhas.
  2621 | D:3      | Found an ancient bone altar of Kikubaaqudgha.
  2633 | D:3      | Found a glowing golden altar of the Shining One.
  2743 | D:3      | Found a shimmering altar of Xom.
  2743 | D:3      | Found an ornate altar of the Wu Jian Council.
  3026 | D:3      | Reached XP level 6. HP: 48/53 MP: 6/6
  3442 | D:3      | Reached **** piety under Trog
  3479 | D:3      | Found a shimmering blue altar of Sif Muna.
  3966 | D:4      | Reached skill level 5 in Fighting
  3966 | D:4      | Reached skill level 6 in Maces & Flails
  4225 | D:4      | Noticed a water moccasin
  4468 | D:4      | Your scales start taking on a golden yellow colour.
  4468 | D:4      | Reached XP level 7. HP: 40/61 MP: 7/7
  4468 | D:4      | Gained mutation: You are resistant to acid. (rCorr) [Yellow
                  | Draconian growth]
  5201 | D:4      | Found a runed translucent door.
  5202 | D:4      | Noticed polve's ghost (amateur DsAK)
  5359 | D:5      | Entered Level 5 of the Dungeon
  5523 | D:5      | Reached skill level 7 in Maces & Flails
  5685 | D:5      | Reached XP level 8. HP: 60/70 MP: 8/8
  5706 | D:5      | Reached skill level 5 in Dodging
  6199 | D:5      | Reached skill level 8 in Maces & Flails
  6566 | D:5      | Noticed Sigmund
  6592 | D:5      | Killed Sigmund
  6972 | D:6      | Found a staircase to the Ecumenical Temple.
  7131 | D:6      | Identified the ring of Unaob {Ice rElec rN+ rCorr}
  7398 | D:6      | Found a broken altar of Ashenzari.
  7499 | D:6      | Reached skill level 9 in Maces & Flails
  7499 | D:6      | Reached XP level 9. HP: 78/79 MP: 9/9
  8721 | D:7      | Found a radiant altar of Vehumet.
  9096 | D:7      | Found a shadowy altar of Dithmenos.
  9155 | D:8      | Paralysed by a hornet for 2 turns
  9161 | D:8      | Reached skill level 10 in Maces & Flails
  9484 | D:7      | Reached XP level 10. HP: 51/90 MP: 10/10
  9876 | D:8      | Found a staircase to the Lair.
 10099 | D:8      | Reached skill level 11 in Maces & Flails
 10557 | D:8      | Noticed a three-headed hydra
 10571 | D:8      | Killed a three-headed hydra
 11034 | D:9      | Reached skill level 12 in Maces & Flails
 11390 | D:9      | Noticed a two-headed ogre
 11396 | D:9      | Killed a two-headed ogre
 11397 | D:9      | Reached XP level 11. HP: 71/99 MP: 11/11
 11674 | D:9      | Reached skill level 10 in Fighting
 11714 | D:9      | Identified the +1 chain mail "Woang" {Str+2 Int+3 Slay+5}
 11950 | D:10     | Entered Level 10 of the Dungeon
 11963 | D:10     | Reached ***** piety under Trog
 12969 | D:10     | Found a hazy altar of Hepliaklqana.
 13756 | D:10     | Noticed a two-headed ogre
 13784 | D:10     | Killed a two-headed ogre
 13892 | D:10     | Found a staircase to the Orcish Mines.
 14397 | Lair:1   | Entered Level 1 of the Lair of Beasts
 14643 | Lair:1   | Noticed an oklob plant
 14737 | Lair:1   | Reached skill level 13 in Maces & Flails
 15198 | Lair:1   | Noticed Joseph
 15217 | Lair:1   | Killed Joseph
 16468 | Lair:1   | Reached XP level 12. HP: 101/110 MP: 12/12
 16815 | Lair:2   | Noticed Maggie
 16880 | Lair:2   | Killed Maggie
 16975 | Lair:2   | Reached skill level 14 in Maces & Flails
 17244 | Lair:2   | Found a staircase to the Snake Pit.
 17258 | Lair:2   | Received a gift from Trog
 17434 | Lair:2   | HP: 4/165 [black mamba (6)]
 17435 | Lair:2   | Succumbed to a black mamba's poison

Illustrated notes

Levels and vault maps discovered:
D:1:      saegor_arrival_simple_b, layout_loops_ring, serial_shops, shop,
          hellmonk_ecumenical_altar_leap_of_faith,
          minmay_misc_feat_four_crosses, minmay_vboxes
D:2:      layout_loops_ring, basic_altar, uniq_natasha
D:3:      cheibrodos_fertilizer, layout_basic, old_standard_altar,
          nicolae_tso_besieged_by_evil, grunt_temple_overflow_open,
          serial_bayou_pond_d, uniq_terence
D:4:      layout_loops_corners, ebering_ghost_reflecting_pool,
          chequers_mini_garden, chequers_serial_rivers_small_a,
          minmay_fractal_squares_diagonal_5
D:5:      layout_loops_cross, uniq_sigmund
D:6:      layout_loops_cross, evilmike_ruin_ashenzari,
          minmay_temple_entry_arrows, nicolae_underground_beach
D:7:      layout_rooms, marbit_many_paths, vehumet_altar_wand_db, minivault_23
D:8:      layout_cave_pools, lair_entry_dummy, hangedman_ranch
          [blue_anna_fruit_fields]
D:9:      layout_roguey
D:10:     layout_basic, nicolae_hepliaklqana_monster_ancestors, erik_orc_1
Lair:1:   layout_small_grid, grunt_forest_large_clearing_hut,
          minmay_lair_oklob_chamber, grunt_megastairs_5,
          infiniplex_staircase_pool, uniq_joseph
Lair:2:   layout_long_grid, minmay_shoals_entry_beasts, dummy_snake_entry,
          beast_lair_carwin_3, grunt_megastairs_3, uniq_maggie

Skill      XL: |  1  2  3  4  5  6  7  8  9 10 11 12 |
---------------+-------------------------------------+-----
Dodging        | 3 4 6 7 8 9 |  9.8
Maces & Flails | 4 5 6 7 9 10 12 13 14 | 14.2
Fighting       | 4 5 7 8 9 11 | 11.5

Action                   |  1- 3 |  4- 6 |  7- 9 | 10-12 || total
-------------------------+-------+-------+-------+-------++-------
Melee: Mace              |   125 |   304 |    33 |       ||   462
       Tailslap          |    17 |    32 |    48 |    94 ||   191
       Flail             |       |       |   295 |   197 ||   492
       Morningstar       |       |       |       |   335 ||   335
Invok: Berserk           |     2 |     6 |    13 |    18 ||    39
       Trog's Hand       |       |     3 |     5 |     5 ||    13
       Brothers in Arms  |       |       |       |     1 ||     1
 Abil: Breathe Acid      |       |       |     6 |     6 ||    12
Evoke: Wand              |       |       |     1 |    12 ||    13
  Use: Scroll            |       |       |     9 |    10 ||    19
 Stab: Sleeping          |     2 |       |       |       ||     2
       Paralysed         |       |       |     5 |       ||     5
Armor: Skin              |    46 |    80 |    80 |    88 ||   294
Dodge: Dodged            |    92 |   164 |   183 |   314 ||   753

Table legend: (Time is in decaauts)
 A = Elapsed time spent in this place.
 B = Non-inter-level travel time spent in this place.
 C = Inter-level travel time spent in this place.
 D = Time resting spent in this place.
 E = Time spent auto-exploring this place.
 F = Levels seen in this place.
 G = Mean time per level.
                   A        B        C        D        E       F      G
               +--------+--------+--------+--------+--------+-----+--------+
         Total |  17763 |  17323 |    440 |   6870 |   6322 |  12 | 1480.2 |
       Dungeon |  14688 |  14268 |    420 |   5251 |   5360 |  10 | 1468.8 |
          Lair |   3075 |   3055 |     20 |   1618 |    962 |   2 | 1537.5 |
               +--------+--------+--------+--------+--------+-----+--------+

Top non-repeatable levels by time:
  Lair:1: 2563 daAuts
    D:10: 2408 daAuts
     D:4: 1782 daAuts
     D:7: 1689 daAuts
     D:8: 1486 daAuts
     D:5: 1467 daAuts
     D:1: 1441 daAuts
     D:3: 1342 daAuts
     D:9: 1045 daAuts
     D:2: 1031 daAuts
     D:6: 990 daAuts
  Lair:2: 511 daAuts
